 Dungeon Crawl Stone Soup version 0.30.1-4-g462c640d31 (webtiles) character file.

Game seed: 5171397509634453573

10 ChrisAssaf the Gusty (level 2, 0/20 HPs)
             Began as a Draconian Air Elementalist on Aug 31, 2023.
             Was a Plaything of Xom.
             Killed by their own static electricity (3 damage)
             ... on level 2 of the Dungeon.
             The game lasted 00:01:45 (466 turns).

ChrisAssaf the Gusty (Draconian Air Elementalist)    Turns: 466, Time: 00:01:45

Health: 0/20       AC:  4    Str: 10    XL:     2   Next: 10%
Magic:  1/5        EV: 12    Int: 15    God:    Xom [..*...]
Gold:   22         SH:  0    Dex: 11    Spells: 2/5 levels left

rFire   . . .        e - +0 short sword
rCold   . . .        (no shield)
rNeg    . . .        (body armour unavailable)
rPois   .            (helmet restricted)
rElec   .            (no cloak)
rCorr   .            (no gloves)
SInv    .            (no boots)
Will    .....        (no amulet)
Stlth   ++           (no ring)
HPRegen 0.23/turn    (no ring)
MPRegen 0.09/turn

%: no passive effects
@: mighty, brilliant, flying (expiring)
A: AC +4, unfitting armour, cold-blooded
a: Renounce Religion


You were on level 2 of the Dungeon.
You worshipped Xom.
You were a toy of Xom.
You visited 1 branch of the dungeon, and saw 2 of its levels.

You collected 22 gold pieces.

Inventory:

Hand Weapons
 e - a +0 short sword (weapon)
Jewellery
 d - a ring of ice
Scrolls
 a - a scroll of teleportation {unknown}
 b - a scroll of poison {unknown}


   Skills:
 * Level 0.2 Fighting
 * Level 0.1 Short Blades
 * Level 1.8 Dodging
 * Level 1.8 Stealth
 * Level 2.0 Spellcasting
 * Level 1.0 Conjurations
 * Level 3.4 Air Magic


You had 2 spell levels left.
You knew the following spells:

 Your Spells              Type           Power      Damage    Failure   Level
a - Shock                 Conj/Air       48%        1d6       9%          1
b - Static Discharge      Conj/Air       24%        2-3/arc   13%         2

Your spell library contained the following spells:

 Spells                   Type           Power      Damage    Failure   Level
 Swiftness                Air            17%        N/A       16%         3
 Airstrike                Air            8%         2d(2-18)  47%         4


Dungeon Overview and Level Annotations

Branches:
Dungeon (2/15)

Altars:
Xom

Shops:
D:2 :


Innate Abilities, Weirdness & Mutations

Your plain brown scales are hard. (AC +4)
You cannot fit into any form of body armour.
You are cold-blooded and may be slowed by cold attacks.


Message History

The worm is heavily wounded.
The worm barely misses you.
Unknown command.
Casting: Static Discharge (safe; 13% risk of failure)
Press: ? - help, Q - select action, (/) - cycle Dir - look around, f - activate The worm is struck by an arc of lightning.
The worm is severely wounded.
You are struck by an arc of lightning.
* * * LOW HITPOINT WARNING * * *
The worm is struck by an arc of lightning.
The worm is almost dead.
The lightning grounds out.
The worm closely misses you.
It was a potion of flight.
You feel very buoyant.
You fly up into the air.
Xom thinks this is hilarious!
The worm barely misses you.
A rat comes into view.
An adder comes into view.
The adder hisses angrily.
Found Ehu Zyic's Vocational Training.
The adder bites you.
* * * LOW HITPOINT WARNING * * *
Xom smiles on you.
You feel very mighty all of a sudden.
You don't have enough magic to cast this spell.
Unknown command.
The adder attacks as you move away! The adder closely misses you.
The adder bites you.
* * * LOW HITPOINT WARNING * * *
You are starting to lose your buoyancy.
Xom grants you a minor favour.
You feel clever all of a sudden.
Casting: Static Discharge (safe; 13% risk of failure)
Press: ? - help, Q - select action, (/) - cycle Dir - look around, f - activate You feel a surge of power!
The adder is struck by an arc of lightning.
The adder is heavily wounded.
You are struck by an arc of lightning.
You die...

#.# #.####### #.#.#...
####.....#
#######.w......###.
####.....#r#..r.......
#.......r..##.........
#.⌠...⌠.##.###w...###
....∩..@S..# #..#.##
#.⌠...⌠.#### #.#..<#
........# #..)#.#
######### #.....#
#..#### .......
##.[.....# #.......#
...........


You could see an adder and a rat.

Vanquished Creatures
  A dart slug (D:1)
  A bat (D:1)
  An endoplasm (D:1)
  3 kobolds
  A frilled lizard (D:1)
7 creatures vanquished.

Notes
Turn   | Place    | Note
-------+----------+-------------------------------------------
     0 | D:1      | ChrisAssaf the Draconian Air Elementalist began the quest
                  | for the Orb.
     0 | D:1      | Reached XP level 1. HP: 14/14 MP: 3/3
    31 | D:1      | Found a faded altar of an unknown god.
    39 | D:1      | Prayed at the altar of an unknown god.
    39 | D:1      | Became a worshipper of Xom the Random Number God
   271 | D:1      | XOM: enchant monster (bad)
   313 | D:1      | XOM: silly message
   403 | D:1      | Reached XP level 2. HP: 20/20 MP: 0/5
   406 | D:1      | Learned a level 2 spell: Static Discharge
   458 | D:2      | Found Ehu Zyic's Vocational Training.
   461 | D:2      | XOM: potion effect (might)
   465 | D:2      | XOM: potion effect (brilliance)
   466 | D:2      | Killed from afar by themself

Illustrated notes

Levels and vault maps discovered:
D:1:      minmay_arrival_four_circles, layout_basic,
          ebering_ecumenical_altar_hall, minmay_misc_feat_square, minivault_24,
          minmay_misc_feat_four_crosses, st_stairs_8,
          nicolae_kite_square_tiling_tiny, item_on_display_a
D:2:      layout_loops_ring, basic_altar, nicolae_shop_vocational

Action                     || total
---------------------------++-------
  Melee: Unarmed           ||     4
         Short sword       ||     8
         Tailslap          ||     1
   Cast: Shock             ||    15
         Static Discharge  ||     2
    Use: Potion            ||     2
 Armour: Skin              ||     4
  Dodge: Dodged            ||    11
